 Dungeon Crawl Stone Soup version 0.26.1-11-gd32895ea62 (webtiles) character file.

Game seed: 14203658054823896337

325 sankara the Firebug (level 6, 41/41 HPs)
             Began as a Human Fire Elementalist on May 23, 2021.
             Was an Initiate of Gozag.
             Got out of the dungeon alive.
             The game lasted 00:09:32 (3447 turns).

sankara the Firebug (Human Fire Elementalist)       Turns: 3447, Time: 00:09:32

Health: 41/41      AC:  4    Str: 10    XL:     6   Next: 78%
Magic:  11/11      EV: 16    Int: 16    God:    Gozag
Gold:   383        SH:  0    Dex: 13    Spells: 4/12 levels left

rFire    . . .     SeeInvis .   j - +0 dagger
rCold    . . .     Faith    .   (no shield)
rNeg     . . .     Spirit   +   a - +0 robe
rPois    .         Reflect  .   i - +0 helmet
rElec    .         Harm     .   (no cloak)
rCorr    .         Rampage  .   (no gloves)
Will     .....                  z - +0 pair of boots (curse)
Stlth    +++.......             v - amulet of guardian spirit
HPRegen  0.13/turn              b - +4 ring of evasion
MPRegen  0.12/turn              e - ring of stealth

@: no status effects
A: no striking features
a: Renounce Religion, Potion Petition, Call Merchant, Bribe Branch


You escaped.
You worshipped Gozag.
Gozag was aware of your devotion.
You visited 1 branch of the dungeon, and saw 4 of its levels.

You collected 426 gold pieces.
You paid 43 gold pieces to Gozag.

Inventory:

Hand Weapons
 j - a +0 dagger (weapon)
 u - a +0 hunting sling
 C - a +2 whip of flaming
Missiles
 d - 115 stones
 g - 22 poisoned darts
 h - 73 sling bullets
Armour
 a - a +0 robe (worn)
 i - a +0 helmet (worn)
 p - a +0 leather armour
 z - a cursed +0 pair of boots (worn)
Jewellery
 b - a +4 ring of evasion (left hand)
 e - a ring of stealth (right hand)
 t - an uncursed ring of flight
 v - an amulet of guardian spirit (around neck)
Scrolls
 c - a scroll of fear {unknown}
 l - 4 scrolls of identify {unknown}
 m - a scroll of teleportation {unknown}
 n - a scroll of amnesia {unknown}
 r - 3 scrolls of remove curse {unknown}
 x - 2 scrolls of magic mapping {unknown}
 y - 2 scrolls of immolation {unknown}
 A - a scroll of noise {unknown}
Potions
 f - a potion of mutation {unknown}
 k - a potion of attraction {unknown}
 o - a potion of flight {unknown}
 q - a potion of degeneration {unknown}
 s - a potion of lignification {unknown}
 w - a potion of heal wounds {unknown}
 B - 2 potions of might {unknown}
 D - a potion of magic {unknown}


   Skills:
 - Level 2.0 Dodging
 + Level 2.3 Stealth
 + Level 3.7 Spellcasting
 + Level 3.6 Conjurations
 + Level 4.6 Fire Magic


You had 4 spell levels left.
You knew the following spells:

 Your Spells              Type           Power        Failure   Level
a - Foxfire               Conj/Fire      64%          3%          1
b - Conjure Flame         Conj/Fire      16%          10%         3
c - Sticky Flame          Conj/Fire      16%          30%         4

Your spell library contained the following spells:

 Spells                   Type           Power        Failure   Level
 Inner Flame              Hex/Fire       10%          21%         3
 Fireball                 Conj/Fire      8%           65%         5


Dungeon Overview and Level Annotations

Branches:
Dungeon (4/15)
 Temple: D:4-7

Altars:
Gozag
Nemelex Xobeh
Okawaru

Shops:
D:4 *


Message History

There is a sparkling altar of Nemelex Xobeh here.
There is a sparkling altar of Nemelex Xobeh here.
There is an open door here.
There is a stone staircase leading up here.
You climb upwards.
There is a stone staircase leading down here.
Unknown command.
You can't go up here!
Unknown command.
There is a stone staircase leading up here.
You climb upwards.
There is a stone staircase leading down here.
You can't go up here!
You see here a cursed -2 club.
There is an escape hatch in the ceiling here.
A mysterious force pulls you upwards. The hatch slams shut behind you.
There is an open door here.
There is a staircase leading out of the dungeon here.
Are you sure you want to leave the Dungeon?
This will make you lose the game!
You have escaped!

#..##############.##.##.#
#.# #..# #.##.##.# #.#
#..# ##########.# #.# #
#..# ##.## #...# #.###
###..###### ##...## #####
#.... .##..##...#
##.....## ####.
#....##...###.......## #.
.##.......##.........####
#.
########..'.....@.....'.#
#. # #...######...#####.#
#. # #.### ##.## #..# #.
# #.# #.# #.## #. # #.#
#.#####.####### #. # #.#
#.#...........# #. # #.#
#'#.##..#####.# ## # #.#
#...##..# #ยง# # ##.##
######..# #.#


There were no monsters in sight!

Vanquished Creatures
  Sigmund (D:3)
  A hound (D:4)
  A bullfrog skeleton (D:4)
  5 adders
  A worm (D:2)
  3 dart slugs
  4 orcs
  2 giant cockroaches
  14 goblins
  4 hobgoblins
  6 jackals (D:2)
  7 kobolds
  7 bats
  4 frilled lizards
  6 rats
66 creatures vanquished.

Vanquished Creatures (others)
  162 foxfires
162 creatures vanquished.

Grand Total: 228 creatures vanquished

Notes
Turn   | Place    | Note
-------+----------+-------------------------------------------
     0 | D:1      | sankara the Human Fire Elementalist began the quest for the
                  | Orb.
     0 | D:1      | Reached XP level 1. HP: 13/13 MP: 3/3
    76 | D:1      | Reached XP level 2. HP: 19/19 MP: 0/5
   588 | D:1      | Reached XP level 3. HP: 24/24 MP: 4/6
   605 | D:1      | Learned a level 3 spell: Conjure Flame
  1169 | D:2      | Found a sparkling altar of Nemelex Xobeh.
  1170 | D:2      | Found an opulent altar of Gozag.
  1198 | D:2      | Became a worshipper of Gozag Ym Sagoz the Greedy
  1285 | D:2      | Reached XP level 4. HP: 27/30 MP: 4/8
  2293 | D:3      | Noticed Sigmund
  2319 | D:3      | Killed Sigmund
  2320 | D:3      | Reached skill level 4 in Fire Magic
  2320 | D:3      | Reached XP level 5. HP: 31/35 MP: 1/10
  2320 | D:3      | Reached XP level 6. HP: 37/41 MP: 1/11
  2508 | D:3      | Learned a level 4 spell: Sticky Flame
  3072 | D:4      | Found an iron altar of Okawaru.
  3218 | D:4      | Found Nouxoap's Elemental Accessories.
  3319 | D:4      | Found a sparkling altar of Nemelex Xobeh.
  3447 | D:$      | Got out of the dungeon alive.

Illustrated notes

Levels and vault maps discovered:
D:1:      mrwooster_arrival_arrow, layout_loops_ring, minmay_surrounded
D:2:      layout_basic, grunt_temple_overflow_opulence, minmay_pentomino_t4
D:3:      layout_loops_ring, uniq_sigmund
D:4:      layout_basic, okawaru_altar_gauntlet_db, old_standard_altar,
          serial_shops, nicolae_shop_stone, nicolae_elemental_shop,
          nemelex_lonely_heart_becter, uniq_pikel, uniq_ijyb, uniq_menkaure

Skill      XL: |  1  2  3  4 |
---------------+-------------+-----
Conjurations   | 2 3 |  3.6
Spellcasting   | 3 |  3.7
Fire Magic     | 4 |  4.6
Dodging        | |  2.0
Stealth        | |  2.3

Action                   |  1- 3 |  4- 6 || total
-------------------------+-------+-------++-------
Melee: Unarmed           |     1 |       ||     1
       Dagger            |    25 |    91 ||   116
 Cast: Foxfire           |    43 |    49 ||    92
 Stab: Sleeping          |       |     2 ||     2
Armor: Robe              |    10 |    16 ||    26
Dodge: Dodged            |    25 |    93 ||   118
